[Event "ROU-chT Men Superliga 2018"]
[Site "Sovata"]
[Date "2018.11.29"]
[Round "6"]
[White "Nastase, Robert-Paul"]
[Black "Banzea, Alexandru-Bogdan"]
[Result "0-1"]
[ECO "B12"]
[WhiteElo "2296"]
[BlackElo "2313"]
[Annotator "RC"]
[PlyCount "80"]
[EventDate "2018.11.24"]
[EventType "team-tourn"]
[EventCountry "ROU"]
[SourceTitle "playchess.com"]
[Source "ChessBase"]
[SourceQuality "1"]
[TimeControl "40/5400+30:1800+30"]

1. e4 c6 2. d4 d5 3. e5 Bf5 4. h4 h5 5. Bd3 Bxd3 6. Qxd3 Qa5+ 7. Nd2 e6 8. Ngf3 Qa6 9. c4 Bb4 10. O-O Ne7 11. b3 c5 12. Bb2 Nbc6 13. dxc5 Bxc5 14. a3 dxc4 15. Nxc4 Rd8 16. Qe4 Nf5 17. Rfd1 O-O 18. Qf4 Qb5 19. Nfd2 Ncd4 20. Kh1 Nxb3 21. a4 Qb4 22. Ba3 Qc3 23. Ne4 Rxd1+ 24. Rxd1 Qc2 25. Rg1 Bxa3 26. Nxa3 Qc6 27. g4 hxg4 28. Rxg4 Rd8 29. Kh2 Kf8 30. Nb5 Rd1 31. Nbc3 Rd3 32. Ne2 Qc2 33. N4g3 Nbd4 34. Nxf5 Nxf5 35. Qb4+ Kg8 36. Re4 Rd2 37. Rc4 Qd3 38. Rc8+ Kh7 39. Qf8 Qxe2 40. Qh8+ Kg6 0-1

[Event "ROU-chT Men Superliga 2018"]
[Site "Sovata"]
[Date "2018.11.29"]
[Round "6"]
[White "Dobre, Mihai"]
[Black "Danilov, Vladimir"]
[Result "0-1"]
[ECO "C50"]
[WhiteElo "2104"]
[BlackElo "2386"]
[Annotator "RC"]
[PlyCount "140"]
[EventDate "2018.11.24"]
[EventType "team-tourn"]
[EventCountry "ROU"]
[SourceTitle "playchess.com"]
[Source "ChessBase"]
[SourceQuality "1"]
[TimeControl "40/5400+30:1800+30"]

1. e4 e5 2. Nf3 Nc6 3. Bc4 Nf6 4. d3 Bc5 5. c3 a6 6. Bb3 Ba7 7. h3 O-O 8. Nbd2 d6 9. Nf1 Be6 10. Ng3 d5 11. Qe2 dxe4 12. dxe4 Bxb3 13. axb3 Nd7 14. b4 f6 15. Nh4 Rf7 16. Nhf5 Ne7 17. O-O Nxf5 18. Nxf5 Nf8 19. Rd1 Qe8 20. Ra5 Rd8 21. Rad5 Rfd7 22. Qc4 Ne6 23. g3 c6 24. Rd6 Bb8 25. Rxd7 Rxd7 26. Rxd7 Qxd7 27. Be3 g6 28. Nh6+ Kg7 29. Kg2 Ba7 30. Bxa7 Kxh6 31. Be3+ Kg7 32. Qe2 Nd8 33. f4 Nf7 34. Bc5 h5 35. Be3 exf4 36. gxf4 Qe6 37. Bd4 Nd6 38. e5 Kf7 39. Qf2 Nf5 40. Kh2 Qd5 41. Qg2 Qxg2+ 42. Kxg2 fxe5 43. Bxe5 Ne3+ 44. Kf3 Nc4 45. Ke4 Ke6 46. Bc7 Nxb2 47. Kd4 Nd1 48. Bd8 Nf2 49. h4 Ng4 50. Kc5 Kd7 51. Bg5 Kc7 52. Kd4 Kd6 53. Ke4 Ke6 54. Bd8 Nf6+ 55. Kd4 Nd5 56. c4 Nxb4 57. Kc5 Nd3+ 58. Kb6 Kd7 59. Bf6 Kc8 60. Be5 Ne1 61. Kc5 Kd7 62. Kb6 Ng2 63. Bf6 Kc8 64. Kc5 a5 65. Kd6 Nxf4 66. c5 a4 67. Be5 Ng2 68. Bf6 a3 69. Ke6 a2 70. Kf7 Nxh4 0-1

[Event "ROU-chT Men Superliga 2018"]
[Site "Sovata"]
[Date "2018.11.29"]
[Round "6"]
[White "Casangiu, Paul-Horatiu"]
[Black "Dicu, Razvan-Stefan"]
[Result "0-1"]
[ECO "A11"]
[WhiteElo "2027"]
[BlackElo "2274"]
[Annotator "NA RC"]
[PlyCount "94"]
[EventDate "2018.11.24"]
[EventType "team-tourn"]
[EventCountry "ROU"]
[SourceTitle "playchess.com"]
[Source "ChessBase"]
[SourceQuality "1"]
[TimeControl "40/5400+30:1800+30"]

1. c4 c6 2. d4 d5 3. e3 Nf6 4. Nc3 a6 5. Bd3 b5 6. b3 Bg4 {[%emt 0:04:56] D10: Slav Defence: 3 cxd5 (without early Nf3) and 3 Nc3} 7. f3 Bh5 8. Nge2 Bg6 9. O-O e6 {[%emt 0:00:35] LiveBook: 8 Games} 10. a4 $146 ({Predecessor:} 10. c5 Nbd7 11. Nf4 e5 12. Nxg6 hxg6 13. Qe1 Be7 14. f4 e4 15. Be2 {1-0 (35) Nikolaidis,I (2548)-Velicka,P (2425) Aghios Kirykos 2018}) 10... b4 11. Nb1 Nbd7 12. Bb2 Bd6 13. cxd5 cxd5 14. Nf4 Qc7 15. g3 Bxd3 16. Qxd3 h5 17. Rc1 Qb8 18. h4 Ke7 19. Kf2 Qg8 20. Nh3 $1 Qb8 21. Nf4 Rg8 22. Nd2 g5 23. hxg5 Rxg5 24. Rg1 h4 $1 25. gxh4 Rxg1 26. Nxd5+ Nxd5 ({Resist} 26... exd5 27. Rxg1 Qh8 28. Rh1 $19) 27. Rxg1 Qh8 28. Rh1 Qg7 29. Ne4 Rg8 30. Qf1 Bg3+ 31. Ke2 Bb8 32. Kd3 Qg2 $2 (32... N7f6 33. Kd2 Qg6 34. Nxf6 Qxf6) 33. Qxg2 Rxg2 34. Bc1 f5 35. Ng5 e5 36. Bd2 exd4 37. exd4 Bg3 38. a5 N7f6 39. Be1 Bc7 40. Bd2 Kd7 41. Rd1 Rh2 42. Kc4 Bf4 43. Bxf4 Rc2+ 44. Kd3 Rc3+ $19 {[%emt 0:00:07] Double Attack} 45. Kd2 Nxf4 46. Nf7 Ke6 47. Ne5 {[%emt 0:00:38] Kxe5} Kd5 0-1

[Event "ROU-chT Men Superliga 2018"]
[Site "Sovata"]
[Date "2018.11.30"]
[Round "7"]
[White "Ionescu, Doru-Alexandru"]
[Black "Szabo, Attila"]
[Result "1/2-1/2"]
[ECO "A36"]
[WhiteElo "2321"]
[BlackElo "2263"]
[Annotator "RC"]
[PlyCount "67"]
[EventDate "2018.11.24"]
[EventType "team-tourn"]
[EventCountry "ROU"]
[SourceTitle "playchess.com"]
[Source "ChessBase"]
[SourceQuality "1"]
[TimeControl "40/5400+30:1800+30"]

1. c4 c5 2. g3 g6 3. Bg2 Bg7 4. Nc3 Nc6 5. d3 d6 6. e3 e5 7. Nge2 Nge7 8. O-O O-O 9. a3 a5 10. Rb1 Rb8 11. Bd2 Bf5 12. Qc2 b6 13. Nd5 Nxd5 14. Bxd5 Ne7 15. Bg2 Qd7 16. b4 axb4 17. axb4 Rfc8 18. Nc3 Be6 19. Qa4 Qd8 20. Rfd1 d5 21. cxd5 Nxd5 22. bxc5 Nxc3 23. Bxc3 Rxc5 24. Bb4 Rcc8 25. Qa3 Bd5 26. Bh3 Ra8 27. Rbc1 Rxa3 28. Rxc8 Qxc8 29. Bxc8 Rb3 30. Be7 Bf3 31. Rc1 Rxd3 32. Ba6 Rd1+ 33. Rxd1 Bxd1 34. Bd8 1/2-1/2

[Event "ROU-chT Men Superliga 2018"]
[Site "Sovata"]
[Date "2018.11.30"]
[Round "7"]
[White "Nastase, Robert-Paul"]
[Black "Itkis, Boris"]
[Result "1-0"]
[ECO "B18"]
[WhiteElo "2296"]
[BlackElo "2325"]
[Annotator "NA RC"]
[PlyCount "55"]
[EventDate "2018.11.24"]
[EventType "team-tourn"]
[EventCountry "ROU"]
[SourceTitle "playchess.com"]
[Source "ChessBase"]
[SourceQuality "1"]
[TimeControl "40/5400+30:1800+30"]

1. e4 c6 2. d4 d5 3. Nd2 dxe4 4. Nxe4 Bf5 5. Ng3 Bg6 6. h4 h6 7. Nf3 e6 8. Ne5 Bh7 9. Bd3 Bxd3 10. Qxd3 Nd7 {[%emt 0:00:03] B19: Classical Caro-Kann: 4...Bf5 main line} 11. f4 Be7 12. Nh5 Ndf6 $146 ({Predecessor:} 12... Ngf6 13. Nxg7+ Kf8 14. Nxe6+ fxe6 15. Bd2 Rh7 16. Rh3 c5 17. O-O-O cxd4 18. Rg3 {½-½ (29) Balogh,C (2625)-Rodshtein,M (2674) Czech Republic 2018}) 13. Nxg7+ Kf8 14. f5 ({Don't take} 14. Nxe6+ $6 fxe6 15. f5 (15. Qg6 Rh7 $17) (15. Ng6+ Kg7 $14) 15... Rh7 $11) 14... Rh7 15. fxe6 Rxg7 16. exf7 Rxf7 17. Nxf7 Kxf7 18. O-O Qd7 (18... Kg7 $142) 19. Bxh6 $2 ({White should try} 19. Qh7+ $18 Ke8 20. Qd3) 19... Nxh6 20. Qh7+ Ke8 21. Qxh6 Qxd4+ 22. Kh1 Nd5 23. Rae1 Kd8 24. Rf7 Qb4 25. c3 Qc5 26. Qh8+ $18 Kc7 27. Qxa8 Kb6 28. Rfxe7 1-0

[Event "ROU-chT Men Superliga 2018"]
[Site "Sovata"]
[Date "2018.11.30"]
[Round "7"]
[White "Ognean, Mihnea-Ionut"]
[Black "Casangiu, Paul-Horatiu"]
[Result "1-0"]
[ECO "A50"]
[WhiteElo "2291"]
[BlackElo "2027"]
[Annotator "RC"]
[PlyCount "73"]
[EventDate "2018.11.24"]
[EventType "team-tourn"]
[EventCountry "ROU"]
[SourceTitle "playchess.com"]
[Source "ChessBase"]
[SourceQuality "1"]
[TimeControl "40/5400+30:1800+30"]

1. d4 Nf6 2. c4 d5 3. cxd5 Nxd5 4. e4 Nb6 5. Be3 e5 6. Nf3 Bg4 7. Bb5+ c6 8. Be2 Bb4+ 9. Nc3 Bxf3 10. gxf3 N8d7 11. Rg1 g6 12. Qb3 Qe7 13. O-O-O O-O-O 14. a3 Bd6 15. d5 c5 16. Kb1 h6 17. Rc1 Kb8 18. a4 Ka8 19. a5 Nc8 20. a6 b6 21. Bb5 Nb8 22. Qa4 Qc7 23. Rgd1 f5 24. Rc2 f4 25. Bc1 g5 26. b4 Ne7 27. Ba3 Rc8 28. Na2 Rhd8 29. Rdc1 Nd7 30. Rc4 Rb8 31. R1c2 h5 32. h3 Rbc8 33. Nc1 Rb8 34. Nd3 Qc8 35. Ka2 Nf6 36. bxc5 bxc5 37. Bxc5 1-0

[Event "ROU-chT Men Superliga 2018"]
[Site "Sovata"]
[Date "2018.11.30"]
[Round "7"]
[White "Daianu, Cristian-Clement"]
[Black "Scripcaru, George-Daniel"]
[Result "1/2-1/2"]
[ECO "B12"]
[WhiteElo "2160"]
[BlackElo "2176"]
[Annotator "NA RC"]
[PlyCount "35"]
[EventDate "2018.11.24"]
[EventType "team-tourn"]
[EventCountry "ROU"]
[SourceTitle "playchess.com"]
[Source "ChessBase"]
[SourceQuality "1"]
[TimeControl "40/5400+30:1800+30"]

1. e4 c6 2. d4 d5 3. f3 dxe4 4. fxe4 e5 5. Nf3 exd4 6. Bc4 Qa5+ 7. c3 d3 8. Qxd3 Nd7 9. O-O Nc5 10. Qe2 Ne6 11. Nd4 Nf6 12. e5 Nxd4 13. cxd4 Nd5 14. Nc3 Be6 15. Bg5 h6 16. Bh4 $16 Be7 17. Bxe7 Kxe7 18. Ne4 1/2-1/2

[Event "ROU-chT Men Superliga 2018"]
[Site "Sovata"]
[Date "2018.11.30"]
[Round "7"]
[White "Andronescu, Madalin"]
[Black "Stoleriu, George"]
[Result "0-1"]
[ECO "C18"]
[WhiteElo "2070"]
[BlackElo "2362"]
[Annotator "ChessBase"]
[PlyCount "84"]
[EventDate "2018.11.24"]
[EventType "team-tourn"]
[EventCountry "ROU"]
[SourceTitle "playchess.com"]
[Source "ChessBase"]
[SourceQuality "1"]
[TimeControl "40/5400+30:1800+30"]

1. e4 e6 2. d4 d5 3. Nc3 Bb4 4. e5 c5 5. a3 Bxc3+ 6. bxc3 Qc7 7. Qg4 f6 8. exf6 Nxf6 9. Qg3 Qa5 10. Bd2 O-O 11. f3 Nc6 12. Qd6 cxd4 13. cxd4 Qb6 14. c3 e5 15. Bd3 Rd8 16. Qc5 Qxc5 17. dxc5 Nd7 18. Be3 d4 19. Bc4+ Kh8 20. Bg5 Re8 21. Bf7 Rf8 22. Bd5 Nxc5 23. Ne2 Ne6 24. Bh4 d3 25. Bxc6 bxc6 26. Nc1 Ba6 27. Ra2 Rab8 28. Rd2 Rb1 29. O-O e4 30. Bf2 exf3 31. Rfd1 Nf4 32. Na2 Rxd1+ 33. Rxd1 Bc4 34. Rd2 Rb8 35. Bxa7 Rb1+ 36. Kf2 fxg2 37. Kf3 g5 38. Nb4 g1=Q 39. Bxg1 Rxg1 40. h4 h6 41. hxg5 hxg5 42. Ke3 c5 {[%emt 0:00:57] Kd4} 0-1

[Event "ROU-chT Men Superliga 2018"]
[Site "Sovata"]
[Date "2018.12.01"]
[Round "8"]
[White "Berescu, Alin-Mile"]
[Black "Ogleznev, Alexandr"]
[Result "1/2-1/2"]
[ECO "B19"]
[WhiteElo "2450"]
[BlackElo "2333"]
[Annotator "RC"]
[PlyCount "57"]
[EventDate "2018.11.24"]
[EventType "team-tourn"]
[EventCountry "ROU"]
[SourceTitle "playchess.com"]
[Source "ChessBase"]
[SourceQuality "1"]
[TimeControl "40/5400+30:1800+30"]

1. e4 c6 2. d4 d5 3. Nc3 dxe4 4. Nxe4 Bf5 5. Ng3 Bg6 6. h4 h6 7. Nf3 Nd7 8. h5 Bh7 9. Bd3 Bxd3 10. Qxd3 e6 11. Bd2 Ngf6 12. O-O-O Qc7 13. Ne4 O-O-O 14. g3 Nxe4 15. Qxe4 Nf6 16. Qe2 Bd6 17. c4 c5 18. Bc3 cxd4 19. Nxd4 a6 20. Kb1 Rd7 21. Nb3 Qc6 22. Rh4 Rhd8 23. Rc1 Kb8 24. a3 Bc7 25. Ka2 Ka8 26. Nd4 Qc5 27. Nb3 Qc6 28. Nd4 Qc5 29. Nb3 1/2-1/2

[Event "ROU-chT Men Superliga 2018"]
[Site "Sovata"]
[Date "2018.12.01"]
[Round "8"]
[White "Cioara, Andrei-Nestor"]
[Black "Ionescu, Constantin"]
[Result "1/2-1/2"]
[ECO "B43"]
[WhiteElo "2427"]
[BlackElo "2432"]
[Annotator "NA RC"]
[PlyCount "27"]
[EventDate "2018.11.24"]
[EventType "team-tourn"]
[EventCountry "ROU"]
[SourceTitle "playchess.com"]
[Source "ChessBase"]
[SourceQuality "1"]
[TimeControl "40/5400+30:1800+30"]

1. e4 c5 2. Nf3 e6 3. d4 cxd4 4. Nxd4 a6 5. Nc3 b5 6. Bd3 Bb7 7. O-O Qc7 8. Re1 Nc6 9. Nf3 d6 10. Bf4 Nf6 11. a4 b4 12. Nb1 Be7 13. Nbd2 Ne5 14. a5 1/2-1/2

[Event "ROU-chT Men Superliga 2018"]
[Site "Sovata"]
[Date "2018.12.01"]
[Round "8"]
[White "Petrisor, Adrian-Marian"]
[Black "Vrencian, Lehel"]
[Result "0-1"]
[ECO "D26"]
[WhiteElo "2425"]
[BlackElo "2321"]
[Annotator "RC"]
[PlyCount "90"]
[EventDate "2018.11.24"]
[EventType "team-tourn"]
[EventCountry "ROU"]
[SourceTitle "playchess.com"]
[Source "ChessBase"]
[SourceQuality "1"]
[TimeControl "40/5400+30:1800+30"]

1. d4 d5 2. Nf3 Nf6 3. c4 dxc4 4. e3 e6 5. Bxc4 a6 6. O-O Nbd7 7. a4 c5 8. Qe2 cxd4 9. exd4 Nb6 10. Bb3 Be7 11. Nc3 O-O 12. Rd1 Nbd5 13. Ne5 Bd7 14. Rd3 Bc6 15. Rg3 Nxc3 16. bxc3 Be4 17. Bh6 Bg6 18. Nxg6 hxg6 19. Bd2 Bd6 20. Rh3 Re8 21. c4 Qc7 22. a5 Rac8 23. Rb1 Bf4 24. Bb4 g5 25. Ba4 Red8 26. Bc5 Qxa5 27. Ra3 Rxc5 28. dxc5 Rd2 29. Qf3 Qxc5 30. Rab3 e5 31. Rxb7 g4 32. Rb8+ Kh7 33. Bc2+ g6 34. Qb7 Qxf2+ 35. Kh1 Kg7 36. Bxg6 Kxg6 37. Rf8 Rd7 38. Rg8+ Nxg8 39. Qxd7 Nf6 40. Qd1 Kg7 41. Qd3 e4 42. Qc3 e3 43. Qd4 g3 44. c5 e2 45. Qa1 Be5 0-1

[Event "ROU-chT Men Superliga 2018"]
[Site "Sovata"]
[Date "2018.12.01"]
[Round "8"]
[White "Moldovan, Daniel"]
[Black "Ileana, George"]
[Result "0-1"]
[ECO "B70"]
[WhiteElo "2406"]
[BlackElo "2318"]
[Annotator "NA"]
[PlyCount "74"]
[EventDate "2018.11.24"]
[EventType "team-tourn"]
[EventCountry "ROU"]
[SourceTitle "playchess.com"]
[Source "ChessBase"]
[SourceQuality "1"]
[TimeControl "40/5400+30:1800+30"]

1. e4 c5 2. Nf3 d6 3. d4 cxd4 4. Nxd4 Nf6 5. Nc3 g6 6. Be2 Bg7 7. O-O Nc6 8. Nb3 O-O 9. Re1 Be6 10. Bf1 Rc8 11. Nd5 Ne5 12. c3 {[%emt 0:03:44] B70: Sicilian Dragon: 6 g3 and 6 Be2 (without a later Be3)} Nc4 13. Nxf6+ $146 ({Predecessor:} 13. a4 Bxd5 14. exd5 Nb6 15. g4 a5 16. Bg2 Nc4 17. Nd4 Nb6 18. Nb5 Rc5 19. Be3 Rxd5 20. Bxd5 Nbxd5 {½-½ (55) Arribas Lopez,A (2442)-Espinosa Aranda,A (2397) Linares 2010}) 13... Bxf6 14. Nd4 Bd7 15. a4 Qb6 16. Bxc4 Rxc4 17. a5 Qc7 18. Qd3 a6 19. Bd2 Rc5 20. b4 Rc4 21. Ra3 Rc8 22. h3 Qd8 23. f4 e5 24. Nf3 Bb5 25. Qe3 exf4 26. Qxf4 d5 27. Nd4 Bxd4+ 28. cxd4 dxe4 29. Be3 Qe7 30. d5 Qxb4 31. Raa1 $17 Rd8 32. Rad1 Qd6 33. Qh4 Rd7 34. Bf4 e3 35. Bxd6 Rxh4 36. Bc5 e2 37. Rd2 Rh5 0-1

[Event "ROU-chT Men Superliga 2018"]
[Site "Sovata"]
[Date "2018.12.01"]
[Round "8"]
[White "Carmaciu, Lucian-Catalin"]
[Black "Popescu, Daniel-Vasilica"]
[Result "1-0"]
[ECO "A80"]
[WhiteElo "2374"]
[BlackElo "2131"]
[Annotator "NA"]
[PlyCount "81"]
[EventDate "2018.11.24"]
[EventType "team-tourn"]
[EventCountry "ROU"]
[SourceTitle "playchess.com"]
[Source "ChessBase"]
[SourceQuality "1"]
[TimeControl "40/5400+30:1800+30"]

1. d4 f5 2. Nc3 Nf6 3. Bg5 e6 4. e4 fxe4 5. Nxe4 Be7 6. Bxf6 Bxf6 7. Qh5+ g6 8. Qh6 Nc6 9. c3 {[%emt 0:00:31] A83: Dutch Defence: Staunton Gambit with 3 Nc3 Nf6 4 Bg5} d5 (9... Qe7 10. Nxf6+ Qxf6 11. O-O-O b6 12. f4 Bb7 13. Nf3 Ne7 14. Ne5 O-O-O 15. Rg1 {½-½ (15) Khruschiov,A (2430)-Kazakovskiy,V (2342) Moscow 2015}) 10. Nxf6+ {[%emt 0:00:34] Qxf} Qxf6 11. Bb5 Bd7 12. Nf3 O-O-O 13. Bxc6 Bxc6 14. O-O $146 ({Predecessor:} 14. O-O-O Bb5 15. Rhe1 Ba4 16. Rd2 Qf5 {1-0 (42) Da Ces,P (1975)-Acar,E (1473) Gelsenkirchen 2017}) 14... Bb5 15. Rfe1 Rhf8 16. Re3 Rde8 17. Qg5 Qg7 18. Rae1 h6 19. Qg4 Bd7 20. Ne5 Rf6 21. h4 Kb8 22. Rf3 Ref8 23. Ree3 Rxf3 24. Rxf3 Rxf3 25. Qxf3 Be8 26. Kh2 Kc8 27. g4 Kd8 28. g5 hxg5 29. hxg5 Qe7 30. Qf6 b6 31. Kg3 c5 32. b4 cxb4 33. cxb4 a5 34. bxa5 bxa5 35. Kf4 a4 36. a3 Bb5 37. Nxg6 Qxf6+ 38. gxf6 Ke8 39. Ke5 Bd7 40. Nf4 Kf7 41. Nd3 1-0

[Event "ROU-chT Men Superliga 2018"]
[Site "Sovata"]
[Date "2018.12.01"]
[Round "8"]
[White "Vasiesiu, Victor"]
[Black "Dobre, Mihai"]
[Result "1/2-1/2"]
[ECO "B23"]
[WhiteElo "2270"]
[BlackElo "2104"]
[Annotator "NA"]
[PlyCount "89"]
[EventDate "2018.11.24"]
[EventType "team-tourn"]
[EventCountry "ROU"]
[SourceTitle "playchess.com"]
[Source "ChessBase"]
[SourceQuality "1"]
[TimeControl "40/5400+30:1800+30"]

1. e4 c5 2. Nc3 e6 3. f4 Nc6 4. Nf3 a6 5. d4 d5 6. e5 Nh6 7. Ne2 Nf5 8. c3 h5 9. Ng3 Nh4 10. Be3 Nxf3+ 11. Qxf3 cxd4 12. cxd4 Qa5+ 13. Kf2 Qb4 14. Rd1 g6 15. Rd2 Qa4 16. a3 Na5 17. Bd3 Bd7 18. Ne2 Rc8 19. Rc1 Rxc1 20. Nxc1 Be7 21. Rc2 Bd8 22. Qd1 Nc6 23. Ne2 Bb6 24. Rc1 Qxd1 25. Rxd1 Ke7 26. h3 Rc8 27. g4 Rh8 28. Kg3 g5 29. f5 Nxe5 30. Bxg5+ f6 31. dxe5 fxg5 32. f6+ Kf7 33. gxh5 Rxh5 34. Kg4 Rh4+ 35. Kxg5 Rxh3 36. Bg6+ Kf8 37. Rd3 Rh1 38. Nf4 Rg1+ 39. Kh6 Re1 40. Bh7 Be3 41. Rxe3 Rxe3 42. Ng6+ Kf7 43. Nh8+ Kf8 44. Ng6+ Kf7 45. Nh8+ 1/2-1/2

[Event "ROU-chT Men Superliga 2018"]
[Site "Sovata"]
[Date "2018.12.01"]
[Round "8"]
[White "Szabo, Attila"]
[Black "Vajda, Levente"]
[Result "0-1"]
[ECO "C41"]
[WhiteElo "2263"]
[BlackElo "2547"]
[Annotator "RC"]
[PlyCount "54"]
[EventDate "2018.11.24"]
[EventType "team-tourn"]
[EventCountry "ROU"]
[SourceTitle "playchess.com"]
[Source "ChessBase"]
[SourceQuality "1"]
[TimeControl "40/5400+30:1800+30"]

1. e4 d6 2. d4 Nf6 3. Nc3 e5 4. Nf3 Nbd7 5. Bc4 Be7 6. O-O O-O 7. Re1 c6 8. a4 b6 9. b3 a6 10. Ba3 Bb7 11. Qd2 b5 12. axb5 axb5 13. dxe5 Rxa3 14. Rxa3 dxe5 15. Ra7 Qb8 16. Rxb7 Qxb7 17. Bf1 Bb4 18. Re2 Qb6 19. h3 Qa5 20. Re3 Nc5 21. Nxe5 Ncxe4 22. Nxc6 Nxd2 23. Nxa5 Nxf1 24. Kxf1 Bxa5 25. Nxb5 Rd8 26. c3 Rd1+ 27. Re1 Rd5 0-1

[Event "ROU-chT Men Superliga 2018"]
[Site "Sovata"]
[Date "2018.12.01"]
[Round "8"]
[White "Scripcaru, George-Daniel"]
[Black "Ognean, Mihnea-Ionut"]
[Result "1/2-1/2"]
[ECO "A04"]
[WhiteElo "2176"]
[BlackElo "2291"]
[Annotator "NA"]
[PlyCount "54"]
[EventDate "2018.11.24"]
[EventType "team-tourn"]
[EventCountry "ROU"]
[SourceTitle "playchess.com"]
[Source "ChessBase"]
[SourceQuality "1"]
[TimeControl "40/5400+30:1800+30"]

1. Nf3 c5 2. g3 Nc6 3. Bg2 g6 4. O-O Bg7 5. d3 e6 6. e4 Nge7 7. Nbd2 O-O 8. Re1 d5 9. Qe2 b6 10. e5 f6 11. exf6 Bxf6 12. Nf1 Nf5 13. c3 Qe7 14. Ne3 Nxe3 15. Bxe3 Bd7 16. Bh6 Rf7 17. h4 Qd6 18. Bf4 Qf8 19. Ng5 Bxg5 20. Bxg5 Re8 21. Qd2 Qd6 22. Rf1 Ne7 23. Rae1 Nf5 24. g4 Ng7 25. f4 d4 26. c4 Bc6 27. Bh6 Bxg2 1/2-1/2

[Event "ROU-chT Men Superliga 2018"]
[Site "Sovata"]
[Date "2018.12.01"]
[Round "8"]
[White "Ciorica, Mihai-Vlad"]
[Black "Baratosi, Daniel"]
[Result "1/2-1/2"]
[ECO "A04"]
[WhiteElo "2097"]
[BlackElo "2373"]
[Annotator "NA"]
[PlyCount "41"]
[EventDate "2018.11.24"]
[EventType "team-tourn"]
[EventCountry "ROU"]
[SourceTitle "playchess.com"]
[Source "ChessBase"]
[SourceQuality "1"]
[TimeControl "40/5400+30:1800+30"]

1. Nf3 g6 2. g3 Bg7 3. Bg2 d6 4. d4 f5 5. c3 Nf6 6. Qb3 e6 7. Bg5 h6 8. Bxf6 Qxf6 9. Nbd2 Nc6 10. d5 exd5 11. Qxd5 Qf7 12. Qxf7+ Kxf7 13. e3 Rb8 14. O-O Re8 15. Nd4 Ne5 16. Nc4 Kf8 17. Nxe5 dxe5 18. Nb5 c6 19. Nd6 Rd8 20. Nxc8 Rbxc8 21. Rfd1 1/2-1/2

[Event "ROU-chT Men Superliga 2018"]
[Site "Sovata"]
[Date "2018.12.01"]
[Round "8"]
[White "Andronescu, Madalin"]
[Black "Vasiesiu, Dan"]
[Result "0-1"]
[ECO "E97"]
[WhiteElo "2070"]
[BlackElo "2394"]
[Annotator "NA"]
[PlyCount "90"]
[EventDate "2018.11.24"]
[EventType "team-tourn"]
[EventCountry "ROU"]
[SourceTitle "playchess.com"]
[Source "ChessBase"]
[SourceQuality "1"]
[TimeControl "40/5400+30:1800+30"]

1. e4 g6 2. d4 Bg7 3. c4 d6 4. Nc3 Nf6 5. Be2 O-O 6. Nf3 e5 7. O-O Nc6 8. d5 Ne7 9. b4 Ne8 10. Ne1 f5 11. Nd3 Nf6 12. f3 f4 13. c5 g5 14. Bd2 h5 15. Nf2 Ng6 16. Rc1 Rf7 17. h3 {[%emt 0:03:08] E99: King's Indian: Classical Main Line: 9 Ne1 Nd7 10 f3 f5} (17. cxd6 cxd6 18. a4 Bf8 19. h3 Rg7 20. Nb5 a6 21. Na3 Bd7 22. a5 b5 23. Rc3 Rc8 24. Rxc8 Bxc8 25. Qc2 g4 26. fxg4 hxg4 27. Rc1 g3 28. Qxc8 gxf2+ 29. Kxf2 Nxe4+ {0-1 (43) Arutinian,D (2562)-Baryshpolets,A (2474) Pardubice 2011}) 17... Bf8 18. Nb5 a6 19. Na3 Rg7 20. Be1 $146 ({Predecessor:} 20. Rc3 a5 21. bxa5 dxc5 22. Nc4 Bd6 23. Rb3 Nh8 24. Bc3 Nf7 {0-1 (43) Yakimenko,A (2194)-Pavlidis,A (2352) Bansko 2010}) 20... Nh8 21. b5 axb5 22. Nxb5 dxc5 23. Nd3 Nd7 24. Bf2 b6 25. d6 cxd6 26. Qb3+ Nf7 27. Rfd1 Kh7 28. Nb2 Nf6 29. Bc4 Nh6 30. Bd5 Nxd5 31. Qxd5 Bb7 32. Qb3 g4 33. hxg4 hxg4 34. Kf1 g3 35. Bg1 Bc6 36. Nc4 Nf7 37. Rd2 Qd7 38. Nc3 $19 (38. Nxb6 $17 Bxb5+ 39. Ke1) 38... Rb8 39. Nxb6 Qa7 40. Rb1 Ng5 41. Rdb2 Rgb7 42. Nca4 Be7 43. Qd1 Kg7 44. Ke1 Nf7 45. Rb3 Bd8 0-1

[Event "ROU-chT Men Superliga 2018"]
[Site "Sovata"]
[Date "2018.12.02"]
[Round "9"]
[White "Petrisor, Adrian-Marian"]
[Black "Carmaciu, Lucian-Catalin"]
[Result "1/2-1/2"]
[ECO "B06"]
[WhiteElo "2425"]
[BlackElo "2374"]
[Annotator "NA"]
[PlyCount "43"]
[EventDate "2018.11.24"]
[EventType "team-tourn"]
[EventCountry "ROU"]
[SourceTitle "playchess.com"]
[Source "ChessBase"]
[SourceQuality "1"]
[TimeControl "40/5400+30:1800+30"]

1. e4 g6 2. d4 Bg7 3. Nc3 c6 4. Bc4 d6 5. Qf3 e6 6. Nge2 b5 7. Bd3 e5 {[%emt 0:03:23] B06: Modern Defence} (7... Nd7 8. Qg3 b4 9. Nd1 e5 10. c3 a5 11. O-O Ngf6 12. f4 exd4 13. cxd4 O-O 14. e5 Nd5 15. Ne3 Nxe3 16. Bxe3 dxe5 {0-1 (26) Barbero Sendic,A (2388)-Del Rio de Angelis,S (2525) Escaldes 2018}) 8. dxe5 dxe5 9. a4 {[%emt 0:03:44] LiveBook: 3 Games} b4 $1 10. Nd1 a5 11. Ne3 $146 ({Predecessor:} 11. Bc4 Nf6 12. Ne3 Nbd7 13. O-O O-O 14. c3 Nc5 15. Ng3 {0-1 (32) Ostrowski,L (2355)-Petran,P (2325) Bardejov 1996}) 11... Nd7 12. Nc4 Qe7 ({Black should try} 12... Nc5 $1 $11) 13. h4 Ngf6 14. Bg5 h6 15. Be3 h5 16. Nc1 Ba6 17. Nb3 Bxc4 $1 18. Bxc4 Ng4 19. Rd1 Bf6 20. g3 Nxe3 21. Qxe3 Bg7 22. O-O $11 1/2-1/2

[Event "ROU-chT Men Superliga 2018"]
[Site "Sovata"]
[Date "2018.12.02"]
[Round "9"]
[White "Vasiesiu, Dan"]
[Black "Balla, Tamas-Kristof"]
[Result "1/2-1/2"]
[ECO "B42"]
[WhiteElo "2394"]
[BlackElo "2316"]
[Annotator "NA"]
[PlyCount "36"]
[EventDate "2018.11.24"]
[EventType "team-tourn"]
[EventCountry "ROU"]
[SourceTitle "playchess.com"]
[Source "ChessBase"]
[SourceQuality "1"]
[TimeControl "40/5400+30:1800+30"]

1. e4 c5 2. Nf3 e6 3. d4 cxd4 4. Nxd4 a6 5. Bd3 Nf6 6. O-O Qc7 7. Qe2 d6 8. f4 Nbd7 9. c4 Be7 10. b3 O-O 11. Bb2 Re8 {[%emt 0:02:59] LiveBook: 6 Games} 12. Nf3 e5 13. f5 Nc5 14. Nc3 Nxd3 15. Qxd3 b5 16. Nd5 Nxd5 $11 17. cxd5 Qb6+ 18. Kh1 a5 1/2-1/2

[Event "ROU-chT Men Superliga 2018"]
[Site "Sovata"]
[Date "2018.12.02"]
[Round "9"]
[White "Stoleriu, George"]
[Black "Vasiesiu, Victor"]
[Result "1/2-1/2"]
[ECO "B40"]
[WhiteElo "2362"]
[BlackElo "2270"]
[Annotator "NA"]
[PlyCount "21"]
[EventDate "2018.11.24"]
[EventType "team-tourn"]
[EventCountry "ROU"]
[SourceTitle "playchess.com"]
[Source "ChessBase"]
[SourceQuality "1"]
[TimeControl "40/5400+30:1800+30"]

1. e4 c5 2. Nf3 e6 3. b3 Nc6 4. Bb2 a6 5. g3 d6 6. Bg2 Nf6 7. Qe2 Be7 8. O-O O-O 9. d4 cxd4 10. Nxd4 $11 {LiveBook: 7 Games} Bd7 11. Rd1 1/2-1/2